 Dungeon Crawl Stone Soup version bcrawl-1.40.3b (webtiles) character file.

Game seed: 13552694758149309694

244445 Amelense the Carver (level 8, -1/58 HPs)
             Began as a Human Fighter on Feb 8, 2024.
             Was a Believer of the Shining One.
             Slain by a scorpion (7 damage)
             ... on level 5 of the Dungeon.
             The game lasted 00:22:26 (5046 turns).

Amelense the Carver (Human Fighter)                 Turns: 5046, Time: 00:22:26

Health: -1/58      AC: 18    Str: 19    XL:     8   Next: 95%
Magic:  8/8        EV:  1    Int:  9    God:    the Shining One [**....]
Gold:   255        SH: 12    Dex: 14    Spells: 7/7 levels left

rFire    . . .     GDR:     29% a - +0 long sword
rCold    + . .     SeeInvis .   c - +0 medium shield
rNeg     + . .     Gourm    .   n - +0 plate armour
rPois    .         Faith    .   E - +0 Maxwell's etheric cage {RegenMP+ *Contam rElec Stlth-}
rElec    +         Spirit   .   j - +0 cloak
rCorr    .         Reflect  .   t - +2 pair of gloves
MR       .....                  v - +0 pair of boots
Stlth    ..........             (no amulet)
HPRegen  0.19/turn              l - +2 ring of dexterity MPRegen 1.61/turn*
                                x - ring of protection from cold

@: about to teleport, glowing
A: no striking features
a: Divine Shield, Renounce Religion


You were on level 5 of the Dungeon.
You worshipped the Shining One.
The Shining One was pleased with you.
You were completely stuffed.

You visited 2 branches of the dungeon, and saw 8 of its levels.

You collected 255 gold pieces.

Inventory:

Hand Weapons
 a - a +0 long sword (weapon)
 G - a +0 club
Armour
 b - a +0 scale mail
 c - a +0 medium shield (worn)
 d - a +1 hat
 j - a +0 cloak (worn)
 n - a +0 plate armour (worn)
 t - a +2 pair of gloves (worn)
 v - a +0 pair of boots (worn)
 E - the +0 Maxwell's etheric cage (worn) {RegenMP+ *Contam rElec Stlth-}
   (You took it off Robin on level 4 of the Dungeon)

   It insulates you from electricity.
   It causes magical contamination when unequipped.
   It makes you less stealthy.
 H - a +0 helmet
Jewellery
 l - a +2 ring of dexterity (left hand)
 x - a ring of protection from cold (right hand)
Scrolls
 f - a scroll of noise
 g - a scroll of teleportation
 h - 4 scrolls of remove curse
 i - a scroll of identify
 k - a scroll of immolation {unknown}
 o - 2 scrolls of fear {unknown}
 p - 2 scrolls of revelation {unknown}
 s - 2 scrolls of fog {unknown}
 y - 2 scrolls of blinking {unknown}
 z - 2 scrolls of enchant weapon {unknown}
 A - 2 scrolls of enchant armour {unknown}
 D - a scroll of amnesia {unknown}
Potions
 m - a potion of lignification
 q - 2 potions of curing
 r - 2 potions of resistance {unknown}
 u - a potion of haste {unknown}
 w - a potion of degeneration {unknown}
 C - 2 potions of brilliance {unknown}
 F - a potion of mutation {unknown}
Comestibles
 e - 6 rations {!d}


   Skills:
 - Level 3.0 Fighting
 * Level 11.2 Long Blades
 - Level 3.2 Armour
 - Level 0.1 Dodging
 - Level 3.2 Shields


You had 7 spell levels left.
You didn't know any spells.
Your spell library contained the following spells:

 Spells                   Type           Power        Failure   Level  Hunger
 Apportation              Tloc           #.....       100%        1    None
 Corona                   Hex            #......      100%        1    None
 Infusion                 Chrm           #.......     100%        1    None
 Sandblast                Erth           #.....       100%        1    None
 Slow                     Hex            #.......     100%        1    None
 Summon Butterflies       Summ           #.......     100%        1    None
 Ensorcelled Hibernation  Hex/Ice        #.....       100%        2    ####...
 Confuse                  Hex            #.......     100%        3    #####..
 Dazzling Orbs            Conj/Hex       #......      100%        3    #####..
 Tukima's Dance           Hex            #.......     100%        3    #####..
 Cause Fear               Hex            #.........   100%        4    ######.


Dungeon Overview and Level Annotations

Branches:
Dungeon (7/12)             Temple (1/1) D:7
   Lair: D:7-9

Altars:
Ashenzari
Elyvilon
Fedhas
Gozag
Hepliaklqana
Kikubaaqudgha
Lugonu
Nemelex Xobeh
Ru
Trog
Vehumet
Zin
The Shining One

Shops:
D:4 (

Annotations:
D:6 1 runed translucent door, Mehrunes's ghost, novice DgFi
D:7 Pikel


Message History

The sky beast shocks you. You resist.
* * * LOW HITPOINT WARNING * * *
You block the sky beast's attack. The sky beast hits you.
* * * LOW HITPOINT WARNING * * *
The sky beast shocks you. You resist.
* * * LOW HITPOINT WARNING * * *
There is a stone staircase leading up here.
The sky beast hits you but does no damage.
The scorpion stings you but does no damage.
A rune on the stairs sparks and fizzles.
You climb upwards.
You hear the sound of rushing water.
There is an entrance to a sewer on this level.
Hurry and find it before the portal rusts away!
Reactivating autopickup.
There is a stone staircase leading down here.
As you read the scroll of teleportation, it crumbles to dust.
You feel strangely unstable. You block the sky beast's attack.
The scorpion stings you!
You die... ###########.#.# ......Y@s...... ###############

You could see a sky beast (invisible) and a scorpion.

Vanquished Creatures
  A hippogriff (D:6)
  Duvessa (D:4)
  A slave (D:6)
  An ice beast (D:3)
  A phantom (D:4)
  2 ogres (D:4)
  A centaur (D:7)
  Dowan (D:4)
  An orc priest (D:3)
  A crimson imp (D:3)
  A bullfrog skeleton (D:7)
  A hound (D:4)
  2 iguanas
  2 worker ants (D:4)
  6 orc wizards
  Robin (D:4)
  4 gnolls
  A howler monkey skeleton (D:6)
  8 adders
  2 oozes
  3 worms
  2 dart slugs (D:3)
  9 leopard geckos
  11 orcs
  A giant cockroach (D:1)
  12 goblins
  7 hobgoblins
  7 jackals
  A quokka (D:2)
  4 ball pythons
  4 bats
  3 frilled lizards
  9 kobolds
  3 rats
115 creatures vanquished.

Notes
Turn   | Place    | Note
-------+----------+-------------------------------------------
     0 | D:1      | Amelense the Human Fighter began the quest for the Orb.
     0 | D:1      | Reached XP level 1. HP: 18/18 MP: 1/1
    67 | D:1      | Reached XP level 2. HP: 18/24 MP: 2/2
   130 | D:1      | Reached skill level 3 in Long Blades
   426 | D:1      | Reached XP level 3. HP: 29/29 MP: 3/3
   927 | D:2      | Reached skill level 4 in Long Blades
  1147 | D:2      | Reached XP level 4. HP: 31/35 MP: 4/4
  1284 | D:2      | Found a glowing golden altar of the Shining One.
  1292 | D:2      | Became a worshipper of the Shining One
  1813 | D:3      | Noticed an ice beast
  1832 | D:3      | Killed an ice beast
  1833 | D:3      | Reached skill level 6 in Long Blades
  1833 | D:3      | Reached XP level 5. HP: 41/41 MP: 5/5
  2133 | D:3      | Reached XP level 6. HP: 36/47 MP: 6/6
  2369 | D:3      | Reached skill level 7 in Long Blades
  2795 | D:3      | Reached XP level 7. HP: 49/52 MP: 7/7
  3328 | D:4      | Reached * piety under the Shining One
  3329 | D:4      | Noticed Duvessa
  3329 | D:4      | Noticed Dowan
  3333 | D:4      | Reached skill level 8 in Long Blades
  3339 | D:4      | Killed Duvessa
  3341 | D:4      | Killed Dowan
  3436 | D:4      | Noticed Robin
  3452 | D:4      | Reached skill level 9 in Long Blades
  3479 | D:4      | Killed Robin
  3548 | D:4      | Reached XP level 8. HP: 58/58 MP: 8/8
  3653 | D:4      | Found a blossoming altar of Fedhas.
  3667 | D:4      | Found Aluomp's Weapon Shoppe.
  3849 | D:4      | Reached skill level 10 in Long Blades
  4144 | D:4      | You fall into a shaft and drop 3 floors!
  4235 | D:7      | Found a corrupted altar of Lugonu.
  4388 | D:7      | Found a staircase to the Ecumenical Temple.
  4398 | Temple   | Entered the Ecumenical Temple
  4718 | D:7      | Noticed Pikel
  4736 | D:6      | Noticed a hippogriff
  4747 | D:6      | Killed a hippogriff
  4748 | D:6      | Reached skill level 11 in Long Blades
  4922 | D:6      | Found a runed translucent door.
  4922 | D:6      | Noticed Mehrunes's ghost (novice DgFi)
  5006 | D:6      | Reached ** piety under the Shining One
  5045 | D:5      | Entered Level 5 of the Dungeon
  5046 | D:5      | Slain by a scorpion

Skill      XL: |  1  2  3  4  5  6  7  8 |
---------------+-------------------------+-----
Long Blades    | 3 4 6 7 9 11 | 11.2
Fighting       | |  3.0
Armour         | |  3.2
Dodging        | |  0.1
Shields        | |  3.2

Action                   |  1- 3 |  4- 6 |  7- 9 || total
-------------------------+-------+-------+-------++-------
Melee: Long sword        |   133 |   196 |   155 ||   484
  Use: Scroll            |       |     3 |    10 ||    13
       Potion            |       |       |     3 ||     3
  Eat: Chunk             |     5 |    11 |     9 ||    25
       Ration            |       |       |     3 ||     3
Armor: Scale mail        |    36 |       |       ||    36
       Plate armour      |    43 |   128 |   111 ||   282
       Skin              |       |       |    19 ||    19
Dodge: Dodged            |    13 |     2 |     5 ||    20
Block: Medium shield     |   101 |    95 |   116 ||   312
